TOP OF THE 1ST |
Washington (APP) Nationals batting - Pitching for Grand Junction Rockies : RHP Matt Morales
|
Pitching: RHP Matt Morales
|
|
Batting: LHB Chris Williams
|
0-0: Ball 1-0: Called Strike 1-1: Ball 2-1: Fly out, F8 (Flyball, 89M, EV 85.6 MPH)
|
Batting: RHB Xavier Reeves
|
0-0: Swinging Strike 0-1: Ground out 4-3 (Groundball, 4, EV 85.6 MPH)
|
Batting: RHB Tylor Cyr
|
0-0: Called Strike 0-1: Ball 1-1: Ball 2-1: Ball 3-1: Base on Balls
|
Batting: SHB Curtis DeLille
|
0-0: Ball 1-0: Called Strike Tylor Cyr steals 2nd base 1-1: Foul Ball, location: 2F 1-2: Ball 2-2: Fly out, F8 (Flyball, 8LD, EV 73.8 MPH)
|
Top of the 1st over - 0 runs, 0 hits, 0 errors, 1 left on base; Washington (APP) 0 - Grand Junction 0 |
BOTTOM OF THE 1ST |
Grand Junction Rockies batting - Pitching for Washington (APP) Nationals : RHP Jayden Taylor
|
Pitching: RHP Jayden Taylor
|
|
Batting: RHB Matviy Oliynyk
|
0-0: Called Strike 0-1: Called Strike 0-2: Ball 1-2: SOLO HOME RUN (Line Drive, 7D, EV 105.0 MPH), Distance : 398 ft
|
Batting: RHB Chris Osting
|
0-0: Foul Ball, location: 2F 0-1: Ball 1-1: Fly out, F8 (Flyball, 89XD, EV 94.4 MPH)
|
Batting: RHB Ray Insley
|
0-0: Foul Ball, location: 2F 0-1: Ball 1-1: Ball 2-1: Called Strike 2-2: Ball 3-2: Foul Ball, location: 2F 3-2: Foul Ball, location: 2F 3-2: Ground out 5-3 (Groundball, 5, EV 87.5 MPH)
|
Batting: RHB Maurice Moore
|
0-0: Foul Ball, location: 2F 0-1: Swinging Strike 0-2: Ball 1-2: Foul Ball, location: 2F 1-2: Strikes out looking
|
Bottom of the 1st over - 1 run, 1 hit, 0 errors, 0 left on base; Washington (APP) 0 - Grand Junction 1 |
TOP OF THE 2ND |
Washington (APP) Nationals batting - Pitching for Grand Junction Rockies : RHP Matt Morales
|
Batting: RHB Lamar Thornton
|
0-0: Swinging Strike 0-1: Ball 1-1: Called Strike 1-2: Ball 2-2: Ball 3-2: Base on Balls
|
Batting: RHB Er Le
|
0-0: Ball Lamar Thornton is caught stealing 2nd base 2-4 1-0: Swinging Strike 1-1: Called Strike 1-2: Foul Ball, location: 2F 1-2: Ground out 1-3 (Groundball, 34S, EV 77.5 MPH)
|
Batting: RHB Jason Ewert
|
0-0: Called Strike 0-1: Ball 1-1: Fly out, F8 (Flyball, 8RD, EV 86.9 MPH)
|
Top of the 2nd over - 0 runs, 0 hits, 0 errors, 0 left on base; Washington (APP) 0 - Grand Junction 1 |
BOTTOM OF THE 2ND |
Grand Junction Rockies batting - Pitching for Washington (APP) Nationals : RHP Jayden Taylor
|
Batting: RHB T.J. Williams
|
0-0: Called Strike 0-1: Foul Ball, location: 2F 0-2: Hit by Pitch
|
Batting: RHB Zakhar Edelman
|
0-0: Fielders Choice at 2nd, 6-4 (Groundball, 56, EV 79.4 MPH)
|
Batting: RHB Willie Benito
|
0-0: Called Strike Zakhar Edelman steals 2nd base 0-1: Ball 1-1: Foul Ball, location: 2F 1-2: Foul Ball, location: 2F 1-2: Ball 2-2: Ball 3-2: Foul Ball, location: 2F 3-2: Base on Balls
|
Batting: SHB Craig Ruzic
|
0-0: Called Strike 0-1: Swinging Strike 0-2: Ball 1-2: Foul Ball, location: 2F 1-2: Ball 2-2: Ball 3-2: Foul Ball, location: 2F 3-2: Foul Ball, location: 2F 3-2: Base on Balls Zakhar Edelman to third Willie Benito to second
|
Batting: RHB Charles Blatchford
|
0-0: Ball 1-0: Swinging Strike 1-1: Ball 2-1: Ball 3-1: Base on Balls Zakhar Edelman scores Willie Benito to third Craig Ruzic to second
|
Batting: RHB Matviy Oliynyk
|
0-0: Called Strike 0-1: Ball 1-1: Grounds into double play, 5-4-3 (Groundball, 56, EV 84.4 MPH)
|
Bottom of the 2nd over - 1 run, 0 hits, 0 errors, 2 left on base; Washington (APP) 0 - Grand Junction 2 |
TOP OF THE 3RD |
Washington (APP) Nationals batting - Pitching for Grand Junction Rockies : RHP Matt Morales
|
Batting: LHB Tony Olvera
|
0-0: Ball 1-0: Ground out U3 (Groundball, 3S, EV 75.0 MPH)
|
Batting: RHB Joe Simmelink
|
0-0: Ball 1-0: Called Strike 1-1: Ball 2-1: Ball 3-1: Base on Balls
|
Batting: LHB Chris Williams
|
0-0: Ball Joe Simmelink is caught stealing 2nd base 2-6 1-0: Swinging Strike 1-1: DOUBLE (Line Drive, 89M, EV 92.5 MPH)
|
Batting: RHB Xavier Reeves
|
0-0: SINGLE (Line Drive, 6M, EV 96.9 MPH) Chris Williams to third Runner from 3rd tries for Home, SAFE, throw by CF to home Xavier Reeves to second
|
Batting: RHB Tylor Cyr
|
0-0: Ball 1-0: Ball 2-0: Ball 3-0: Base on Balls
|
Batting: SHB Curtis DeLille
|
0-0: Ball 1-0: Foul Ball, location: 2F 1-1: Foul Ball, location: 2F 1-2: DOUBLE (Flyball, 78XD, EV 102.5 MPH) Xavier Reeves scores Tylor Cyr to third Runner from 3rd tries for Home, SAFE, throw by LF to home
|
Batting: RHB Lamar Thornton
|
0-0: Ball Balk! Curtis DeLille to third 1-0: Called Strike 1-1: Swinging Strike 1-2: Foul Ball, location: 2F 1-2: Fly out, F8 (Flyball, 8RM, EV 91.9 MPH)
|
Top of the 3rd over - 3 runs, 3 hits, 0 errors, 1 left on base; Washington (APP) 3 - Grand Junction 2 |
BOTTOM OF THE 3RD |
Grand Junction Rockies batting - Pitching for Washington (APP) Nationals : RHP Jayden Taylor
|
Batting: RHB Chris Osting
|
0-0: Foul Ball, location: 2F 0-1: Ball 1-1: DOUBLE (Line Drive, 7LM, EV 102.5 MPH)
|
Batting: RHB Ray Insley
|
0-0: Called Strike 0-1: Called Strike 0-2: Ball 1-2: Strikes out swinging, 2-3 out at first.
|
Batting: RHB Maurice Moore
|
0-0: Swinging Strike 0-1: Ball 1-1: Ball 2-1: Called Strike 2-2: Ball 3-2: Strikes out looking
|
Batting: RHB T.J. Williams
|
0-0: Called Strike 0-1: Ball 1-1: Swinging Strike 1-2: Ground out U3 (Groundball, 34D, EV 106.2 MPH)
|
Bottom of the 3rd over - 0 runs, 1 hit, 0 errors, 1 left on base; Washington (APP) 3 - Grand Junction 2 |
TOP OF THE 4TH |
Washington (APP) Nationals batting - Pitching for Grand Junction Rockies : RHP Matt Morales
|
Batting: RHB Er Le
|
0-0: Ball 1-0: Ball 2-0: Fly out, F9 (Flyball, 89S, EV 94.4 MPH)
|
Batting: RHB Jason Ewert
|
0-0: Ball 1-0: Ball 2-0: Ball 3-0: Base on Balls
|
Batting: LHB Tony Olvera
|
0-0: Ball 1-0: Ball 2-0: Ball Wild Pitch! Jason Ewert to second 3-0: Swinging Strike 3-1: Ground out 6-3 (Groundball, 6M, EV 78.8 MPH) Jason Ewert to third
|
Batting: RHB Joe Simmelink
|
0-0: Called Strike 0-1: Ground out 5-3 (Groundball, 56, EV 90.6 MPH)
|
Top of the 4th over - 0 runs, 0 hits, 0 errors, 1 left on base; Washington (APP) 3 - Grand Junction 2 |
BOTTOM OF THE 4TH |
Grand Junction Rockies batting - Pitching for Washington (APP) Nationals : RHP Jayden Taylor
|
Batting: RHB Zakhar Edelman
|
0-0: Ball 1-0: Called Strike 1-1: Foul Ball, location: 2F 1-2: Ball 2-2: SINGLE (Groundball, 56, EV 106.2 MPH) (infield hit)
|
Batting: RHB Willie Benito
|
0-0: Called Strike 0-1: Ball Zakhar Edelman is caught stealing 2nd base 2-4 1-1: Ball 2-1: Swinging Strike 2-2: Ground out 6-3 (Groundball, 56D, EV 93.1 MPH)
|
Pitching: RHP Matt Norris
|
|
Batting: SHB Craig Ruzic
|
0-0: Ball 1-0: SINGLE (Groundball, 3D, EV 100.0 MPH)
|
Batting: RHB Charles Blatchford
|
0-0: Ball 1-0: Ground out 4-3 (Groundball, 34S, EV 80.0 MPH)
|
Bottom of the 4th over - 0 runs, 2 hits, 0 errors, 1 left on base; Washington (APP) 3 - Grand Junction 2 |
TOP OF THE 5TH |
Washington (APP) Nationals batting - Pitching for Grand Junction Rockies : RHP Matt Morales
|
Batting: LHB Chris Williams
|
0-0: Ball 1-0: Called Strike 1-1: Ball 2-1: Swinging Strike 2-2: Foul Ball, location: 2F 2-2: Strikes out swinging
|
Batting: RHB Xavier Reeves
|
0-0: Ball 1-0: SINGLE (Line Drive, 89S, EV 109.4 MPH)
|
Pitching: RHP Jim Crooks
|
|
Batting: RHB Tylor Cyr
|
0-0: Called Strike 0-1: Ball Xavier Reeves steals 2nd base 1-1: Ball 2-1: Foul Ball, location: 2F 2-2: Ground out 3-1 (Groundball, 34S, EV 71.2 MPH) Xavier Reeves to third
|
Batting: SHB Curtis DeLille
|
0-0: SINGLE (Line Drive, 4MD, EV 105.0 MPH) Xavier Reeves scores
|
Batting: RHB Lamar Thornton
|
0-0: Ball 1-0: Called Strike 1-1: Fielders Choice at 2nd, 5-4 (Groundball, 56, EV 94.4 MPH)
|
Top of the 5th over - 1 run, 2 hits, 0 errors, 1 left on base; Washington (APP) 4 - Grand Junction 2 |
BOTTOM OF THE 5TH |
Grand Junction Rockies batting - Pitching for Washington (APP) Nationals : RHP Matt Norris
|
Batting: RHB Matviy Oliynyk
|
0-0: Hit by Pitch
|
Batting: RHB Chris Osting
|
0-0: Ball Matviy Oliynyk steals 2nd base 1-0: Fly out, F9 (Flyball, 9LM, EV 89.4 MPH) Runner from 2nd tags up, SAFE at 3rd, no throw by RF
|
Batting: RHB Ray Insley
|
0-0: Ball 1-0: Called Strike 1-1: TRIPLE (Flyball, 89XD, EV 108.1 MPH) Matviy Oliynyk scores
|
Batting: RHB Maurice Moore
|
0-0: Ball 1-0: Ball 2-0: Foul Ball, location: 2F 2-1: Foul Ball, location: 2F 2-2: SINGLE (Groundball, 34D, EV 102.5 MPH) Ray Insley scores
|
Batting: RHB T.J. Williams
|
0-0: SINGLE (Line Drive, 34D, EV 94.4 MPH) Maurice Moore to second Runner from 2nd tries for 3rd, OUT! 9-5
|
Batting: RHB Zakhar Edelman
|
0-0: Ball 1-0: Called Strike 1-1: Called Strike 1-2: Strikes out swinging
|
Bottom of the 5th over - 2 runs, 3 hits, 0 errors, 1 left on base; Washington (APP) 4 - Grand Junction 4 |
TOP OF THE 6TH |
Washington (APP) Nationals batting - Pitching for Grand Junction Rockies : RHP Jim Crooks
|
Batting: RHB Er Le
|
0-0: Ball 1-0: Called Strike 1-1: Ground out 5-3 (Groundball, 5, EV 81.9 MPH)
|
Batting: RHB Jason Ewert
|
0-0: Ball 1-0: Fly out, F9 (Flyball, 89M, EV 94.4 MPH)
|
Batting: LHB Tony Olvera
|
0-0: Foul Ball, location: 2F 0-1: Swinging Strike 0-2: Ball 1-2: Strikes out looking
|
Top of the 6th over - 0 runs, 0 hits, 0 errors, 0 left on base; Washington (APP) 4 - Grand Junction 4 |
BOTTOM OF THE 6TH |
Grand Junction Rockies batting - Pitching for Washington (APP) Nationals : RHP Matt Norris
|
Batting: RHB Willie Benito
|
0-0: Ball 1-0: Ball 2-0: Reached on error, E5 (Groundball, 5, EV 103.8 MPH)
|
Batting: SHB Craig Ruzic
|
0-0: Intentional Walk
|
Pitching: RHP Yorinobu Matsumoto
|
|
Batting: RHB Charles Blatchford
|
0-0: Swinging Strike 0-1: Ball 1-1: Foul Ball, location: 2F 1-2: Strikes out swinging
|
Batting: RHB Matviy Oliynyk
|
0-0: Ball 1-0: SINGLE (Groundball, 56, EV 96.9 MPH) Willie Benito to third Craig Ruzic to second
|
Batting: RHB Chris Osting
|
0-0: Called Strike 0-1: Called Strike 0-2: Foul Ball, location: 2F 0-2: Strikes out looking
|
Batting: RHB Ray Insley
|
0-0: Ball 1-0: Foul Ball, location: 2F 1-1: Ball 2-1: Ball 3-1: Called Strike 3-2: Base on Balls Willie Benito scores Craig Ruzic to third Matviy Oliynyk to second
|
Batting: RHB Maurice Moore
|
0-0: Called Strike 0-1: Ball 1-1: Ball 2-1: Foul Ball, location: 2F 2-2: Fly out, F6 (Popup, 6M, EV 67.5 MPH)
|
Bottom of the 6th over - 1 run, 1 hit, 1 error, 3 left on base; Washington (APP) 4 - Grand Junction 5 |
TOP OF THE 7TH |
Washington (APP) Nationals batting - Pitching for Grand Junction Rockies : RHP Jim Crooks
|
Pinch Hitting: RHB Justin Van Houten
|
0-0: Ball 1-0: Ball 2-0: Foul Ball, location: 2F 2-1: Called Strike 2-2: Ball 3-2: Fly out, F7 (Flyball, 78D, EV 106.2 MPH)
|
Batting: LHB Chris Williams
|
0-0: Ball 1-0: Ball 2-0: Ball 3-0: Base on Balls
|
Pitching: RHP Zi-cheng Zhou
|
|
Batting: RHB Xavier Reeves
|
0-0: Ball 1-0: Called Strike 1-1: Ball 2-1: Called Strike Chris Williams steals 2nd base 2-2: Ball 3-2: Foul Ball, location: 2F 3-2: Base on Balls
|
Batting: RHB Tylor Cyr
|
0-0: Swinging Strike 0-1: SINGLE (Groundball, 6MD, EV 95.6 MPH) Chris Williams to third Xavier Reeves to second Runner from 3rd tries for Home, throw by CF and OUT! 8-2
|
Batting: SHB Curtis DeLille
|
0-0: Foul Ball, location: 2F 0-1: Ball Wild Pitch! Xavier Reeves to third Tylor Cyr to second 1-1: Ball Passed Ball! Xavier Reeves scores Tylor Cyr to third 2-1: Ball 3-1: Base on Balls
|
Batting: RHB Lamar Thornton
|
0-0: Called Strike 0-1: Ball 1-1: DOUBLE (Line Drive, 9LM, EV 100.6 MPH) Tylor Cyr scores Curtis DeLille to third
|
Pitching: LHP Josh Alvarez
|
|
Batting: RHB Er Le
|
0-0: Ball Wild Pitch! Curtis DeLille scores Lamar Thornton to third 1-0: Ball Wild Pitch! Lamar Thornton scores 2-0: Ball 3-0: Base on Balls
|
Batting: RHB Jason Ewert
|
0-0: Ball 1-0: Foul Ball, location: 2F 1-1: Fly out, F1 (Line Drive, P, EV 66.2 MPH)
|
Top of the 7th over - 4 runs, 2 hits, 0 errors, 1 left on base; Washington (APP) 8 - Grand Junction 5 |
BOTTOM OF THE 7TH |
Grand Junction Rockies batting - Pitching for Washington (APP) Nationals : RHP Yorinobu Matsumoto
|
Now at 3B: Taffounnout Kame
|
|
Now in LF: Justin Van Houten
|
|
Batting: RHB T.J. Williams
|
0-0: Ball 1-0: Ball 2-0: Called Strike 2-1: Ground out 4-3 (Groundball, 4MS, EV 80.0 MPH)
|
Batting: RHB Zakhar Edelman
|
0-0: Foul Ball, location: 2F 0-1: Called Strike 0-2: Ball 1-2: Strikes out looking
|
Batting: RHB Willie Benito
|
0-0: Called Strike 0-1: Called Strike 0-2: Ball 1-2: Ground out 6-3 (Groundball, 6MS, EV 74.4 MPH)
|
Bottom of the 7th over - 0 runs, 0 hits, 0 errors, 0 left on base; Washington (APP) 8 - Grand Junction 5 |
TOP OF THE 8TH |
Washington (APP) Nationals batting - Pitching for Grand Junction Rockies : LHP Josh Alvarez
|
Batting: LHB Tony Olvera
|
0-0: Ball 1-0: Foul Ball, location: 2F 1-1: Swinging Strike 1-2: Ball 2-2: Strikes out looking
|
Batting: RHB Justin Van Houten
|
0-0: Foul Ball, location: 2F 0-1: Ground out 3-1 (Groundball, 34S, EV 71.9 MPH)
|
Batting: LHB Chris Williams
|
0-0: Called Strike 0-1: Ball 1-1: Foul Ball, location: 2F 1-2: Foul Ball, location: 2F 1-2: Foul Ball, location: 2F 1-2: SOLO HOME RUN (Flyball, 9D, EV 97.5 MPH), Distance : 398 ft
|
Batting: RHB Xavier Reeves
|
0-0: Ball 1-0: Called Strike 1-1: Called Strike 1-2: Fly out, F9 (Flyball, 9D, EV 101.9 MPH)
|
Top of the 8th over - 1 run, 1 hit, 0 errors, 0 left on base; Washington (APP) 9 - Grand Junction 5 |
BOTTOM OF THE 8TH |
Grand Junction Rockies batting - Pitching for Washington (APP) Nationals : RHP Yorinobu Matsumoto
|
Batting: SHB Craig Ruzic
|
0-0: Called Strike 0-1: Ball 1-1: Foul Ball, location: 2F 1-2: Foul Ball, location: 2F 1-2: Ball 2-2: Foul Ball, location: 2F 2-2: Strikes out swinging
|
Batting: RHB Charles Blatchford
|
0-0: Ball 1-0: Called Strike 1-1: Swinging Strike 1-2: Ball 2-2: SINGLE (Groundball, 56, EV 105.6 MPH)
|
Pitching: RHP Faradur Bhutani
|
|
Batting: RHB Matviy Oliynyk
|
0-0: Ball 1-0: Called Strike 1-1: Fly out, F8 (Line Drive, 89D, EV 97.5 MPH)
|
Batting: RHB Chris Osting
|
0-0: Ball 1-0: Ball 2-0: Ball 3-0: Base on Balls Charles Blatchford to second
|
Batting: RHB Ray Insley
|
0-0: Foul Ball, location: 2F 0-1: Foul Ball, location: 2F 0-2: Ball 1-2: Ball 2-2: Foul Ball, location: 2F 2-2: Fielders Choice at 2nd, 6-4 (Groundball, 56, EV 80.6 MPH)
|
Bottom of the 8th over - 0 runs, 1 hit, 0 errors, 2 left on base; Washington (APP) 9 - Grand Junction 5 |
TOP OF THE 9TH |
Washington (APP) Nationals batting - Pitching for Grand Junction Rockies : LHP Josh Alvarez
|
Pitching: RHP Don Carriere
|
|
Batting: RHB Tylor Cyr
|
0-0: Ball 1-0: Fly out, F4 (Line Drive, 4M, EV 66.2 MPH)
|
Batting: SHB Curtis DeLille
|
0-0: Ball 1-0: Ball 2-0: Ball 3-0: Called Strike 3-1: Ground out 6-3 (Groundball, 6, EV 85.0 MPH)
|
Batting: RHB Taffounnout Kame
|
0-0: Fly out, F7 (Flyball, 7LM, EV 73.1 MPH)
|
Top of the 9th over - 0 runs, 0 hits, 0 errors, 0 left on base; Washington (APP) 9 - Grand Junction 5 |
BOTTOM OF THE 9TH |
Grand Junction Rockies batting - Pitching for Washington (APP) Nationals : RHP Faradur Bhutani
|
Batting: RHB Maurice Moore
|
0-0: Ball 1-0: Ball 2-0: Ball 3-0: Called Strike 3-1: Foul Ball, location: 2F 3-2: Base on Balls
|
Batting: RHB T.J. Williams
|
0-0: Called Strike 0-1: Ball 1-1: Ball 2-1: Ball 3-1: Base on Balls Maurice Moore to second
|
Pitching: RHP Johnny Hallamore
|
|
Batting: RHB Zakhar Edelman
|
0-0: Ball 1-0: Ball 2-0: Grounds into double play, 6-4-3 (Groundball, 6, EV 104.4 MPH) Maurice Moore to third
|
Pinch Hitting: LHB Jason Ryan
|
0-0: Ball 1-0: Called Strike 1-1: Ball 2-1: Ball 3-1: Base on Balls
|
Batting: SHB Craig Ruzic
|
0-0: Ball 1-0: Swinging Strike 1-1: Ball 2-1: Ball 3-1: Foul Ball, location: 2F 3-2: Foul Ball, location: 2F 3-2: Base on Balls Jason Ryan to second
|
Batting: RHB Charles Blatchford
|
0-0: Ball 1-0: Foul Ball, location: 2F 1-1: Ball 2-1: Ball 3-1: Base on Balls Maurice Moore scores Jason Ryan to third Craig Ruzic to second
|
Batting: RHB Matviy Oliynyk
|
0-0: Ball 1-0: Called Strike 1-1: Ball 2-1: Ball 3-1: Base on Balls Jason Ryan scores Craig Ruzic to third Charles Blatchford to second
|
Pitching: RHP Jose Ortiz
|
|
Batting: RHB Chris Osting
|
0-0: Ball 1-0: Swinging Strike 1-1: Ball 2-1: Ball 3-1: Called Strike 3-2: Base on Balls Craig Ruzic scores Charles Blatchford to third Matviy Oliynyk to second
|
Batting: RHB Ray Insley
|
0-0: Called Strike 0-1: Swinging Strike 0-2: Ball 1-2: Strikes out swinging
|
Bottom of the 9th over - 3 runs, 0 hits, 0 errors, 3 left on base; Washington (APP) 9 - Grand Junction 8 |
|